Map: [ESL] Inside and Out

Players

Bunny - Winner!

  • Race: Terran Terran
  • Spawn Location: 1:00

SpeCial

  • Race: Terran Terran
  • Spawn Location: 7:00

Event: DreamHack SC2 Masters 2022 Valencia

VOD

Have the link to the VOD?

Description

Time

  • Played on: July 1, 2022, 2:11 p.m.
  • Length: 8:29

All games in this series

Show
View Real Time Build Order
Export as new Build Order

Bunny Terran - Winner!

Build Orders:  

Get SALT Encoding   

  12  0:00  SCV  
  13  0:12  SCV  
  14  0:17  Supply Depot  
  14  0:24  SCV  
  15  0:38  SCV  
  15  0:40  Barracks  
  16  0:42  Refinery  
  16  0:50  SCV  
  16  0:52  Refinery  
  17  1:02  SCV  
  18  1:14  SCV  
  19  1:27  Orbital Command, Reaper  
  19  1:32  Supply Depot  
  20  1:41  Factory  
  20  1:52  SCV  
  21  1:59  Reaper  
  22  2:04  SCV  
  23  2:19  Command Center  
  23  2:20  SCV  
  24  2:25  Hellion  
  26  2:31  Reaper  
  26  2:34  Supply Depot  
  26  2:35  SCV  
  28  2:46  Hellion  
  28  2:50  Starport  
  30  2:54  SCV  
  31  3:06  SCV, Barracks Reactor  
  31  3:07  Factory Tech Lab  
  32  3:18  SCV  
  33  3:26  Refinery  
  33  3:31  Orbital Command  
  33  3:33  SCV  
  34  3:35  Factory Tech Lab  
  34  3:36  Raven  
  34  3:38  Supply Depot  
  36  3:42  Marine  
  36  3:43  Marine  
  36  3:45  SCV  
  35  3:54  Cyclone  
  38  3:56  SCV  
  38  3:57  SCV  
  38  4:00  Marine x2  
  41  4:10  SCV x2  
  41  4:12  Supply Depot  
  43  4:18  Marine x2  
  43  4:19  Raven  
  43  4:22  SCV x2  
  49  4:26  Supply Depot  
  49  4:32  Siege Tank  
  49  4:34  SCV x2  
  49  4:36  Marine x2  
  56  4:46  SCV x2  
  57  4:54  Marine x2  
  57  4:58  Supply Depot  
  59  5:01  Command Center  
  59  5:04  Siege Tank  
  59  5:05  SCV  
  59  5:06  SCV  
  64  5:14  Refinery  
  64  5:19  SCV x2  
  64  5:21  Viking x2  
  68  5:26  Marine, Stimpack  
  70  5:35  SCV x2  
  69  5:37  Siege Tank  
  69  5:41  Supply Depot  
  72  5:44  Marine  
  73  5:51  Viking x2  
  73  5:52  SCV x2  
  73  5:55  Supply Depot  
  79  6:01  Marine  
  80  6:09  Siege Tank  
  83  6:18  SCV x2  
  85  6:20  Marine  
  85  6:21  Viking x2  
  90  6:29  Barracks  
  90  6:31  Barracks  
  90  6:33  SCV x2  
  90  6:38  Marine  
  90  6:40  Orbital Command  
  90  6:41  Siege Tank  
  93  6:49  SCV x2  
  93  6:51  Viking x2  
  93  6:52  Engineering Bay  
  99  6:56  Engineering Bay  
  99  7:01  SCV x2  
  99  7:02  Marine  
  98  7:20  Siege Tank  
  98  7:21  Viking x2  
  102  7:23  Barracks Reactor x2  
  102  7:26  SCV x3  
  103  7:30  Marine  
  103  7:33  Supply Depot  
  104  7:38  SCV x3  
  105  7:50  Marine  
  94  7:52  Siege Tank  
  94  7:53  Viking x2  
  94  8:04  SCV x3, Marine x4  
  94  8:08  Barracks x2, Marine  
  95  8:16  SCV x3  
Show
View Real Time Build Order
Export as new Build Order

SpeCial Terran 

Build Orders: Gas First Reaper Expand 

Get SALT Encoding   

  12  0:00  SCV  
  13  0:12  SCV  
  14  0:17  Supply Depot  
  14  0:24  SCV  
  14  0:27  Refinery  
  15  0:38  SCV  
  16  0:44  Barracks  
  16  0:50  SCV  
  17  1:03  SCV  
  18  1:15  SCV  
  19  1:31  Orbital Command, Reaper  
  20  1:41  Command Center  
  20  1:52  Factory  
  20  1:57  SCV  
  21  2:03  Marine  
  21  2:06  Supply Depot  
  22  2:10  SCV  
  22  2:15  Refinery  
  23  2:27  SCV, Marine  
  25  2:36  Hellion, Starport  
  27  2:39  SCV  
  28  2:45  Marine  
  29  2:51  SCV  
  29  2:53  Orbital Command  
  29  2:57  Hellion  
  32  3:04  Barracks Tech Lab, SCV  
  33  3:16  SCV  
  33  3:18  Supply Depot  
  33  3:19  Widow Mine  
  36  3:20  Refinery  
  36  3:21  SCV  
  37  3:30  Barracks Tech Lab  
  37  3:31  SCV  
  37  3:33  Raven, SCV  
  41  3:43  SCV  
  41  3:45  SCV  
  43  3:54  Cyclone  
  43  3:55  SCV, Barracks Reactor  
  47  3:57  SCV  
  48  4:08  SCV  
  46  4:12  Command Center  
  46  4:14  SCV  
  47  4:17  Raven  
  47  4:19  Supply Depot  
  47  4:20  SCV  
  50  4:26  SCV  
  50  4:30  Cyclone  
  54  4:41  SCV x2, Marine x2  
  54  4:42  Supply Depot  
  58  4:53  SCV x2  
  58  4:58  Marine x2  
  60  5:03  Raven  
  60  5:05  SCV x2  
  64  5:15  Refinery, Siege Tank  
  64  5:17  SCV x2  
  64  5:20  Barracks x2  
  64  5:21  Marine  
  70  5:23  Marine  
  71  5:29  SCV x2  
  71  5:32  Orbital Command  
  71  5:41  SCV x2  
  73  5:45  Engineering Bay  
  73  5:46  Engineering Bay  
  73  5:48  Siege Tank  
  76  5:50  Orbital Command  
  76  5:53  SCV  
  76  5:54  SCV  
  76  5:56  Viking x2  
  76  5:57  Marine, Stimpack  
  81  6:06  SCV x2  
  84  6:15  SCV  
  84  6:17  Barracks Reactor  
  84  6:18  SCV, Barracks Reactor  
  85  6:21  Supply Depot  
  85  6:25  Supply Depot  
  85  6:27  Supply Depot  
  85  6:42  Viking x2, SCV x3, Marine  
  85  6:44  Supply Depot  
  85  6:46  Siege Tank  
  93  6:54  SCV x3  
  93  6:56  Marine x4  
  93  7:00  Marine  
  93  7:01  Sensor Tower  
  101  7:06  SCV x3  
  101  7:14  Marine x4  
  92  7:18  SCV, Siege Tank, Marine  
  92  7:19  SCV  
  89  7:25  Viking x2  
  88  7:31  SCV x2  
  88  7:32  Marine x4  
  85  7:44  Marine  
  85  7:49  Marine  
  85  7:50  Siege Tank, Marine x3  
  78  7:53  SCV x2  
  63  7:58  Orbital Command, SCV  
  63  8:02  Marine  
  62  8:06  SCV x2  
  62  8:07  Marine x3  
  62  8:08  Marine  

Tags
 
Add a new tag
Caveats
  • Supply blocks, unpowered buildings, or Contaminate may cause inaccurate times.
  • Supply counts are checked every 10 seconds.